 Dungeon Crawl Stone Soup version 0.28-a0-476-g0f06bd746f (webtiles) character file.

Game seed: 7366323405982092251

7367 robertstho the Cleaver (level 11, 0/108 HPs)
             Began as a Tengu Berserker on Sept 16, 2021.
             Was a High Priest of Trog.
             Slain by a komodo dragon (24 damage)
             ... on level 1 of the Lair of Beasts.
             The game lasted 00:14:27 (10676 turns).

robertstho the Cleaver (Tengu Berserker)           Turns: 10676, Time: 00:14:29

Health: 0/108      AC: 11    Str: 21    XL:     11   Next: 14%
Magic:  4/4        EV: 13    Int:  8    God:    Trog [*****.]
Gold:   186        SH:  0    Dex: 13    Spells: 10/10 levels left

rFire   + + .      SeeInvis .   A - +2 executioner's axe (antimagic)
rCold   x . .      Faith    .   (shield currently unavailable)
rNeg    . . .      Spirit   .   C - +0 fire dragon scales
rPois   .          Reflect  .   (helmet restricted)
rElec   .          Harm     .   (no cloak)
rCorr   .          Rampage  .   (no gloves)
Will    .....                   (boots unavailable)
Stlth   ..........              (no amulet)
HPRegen 0.28/turn               g - +4 ring of slaying
MPRegen 0.09/turn               (no ring)

@: berserking, flying quickly and evasively, very quick
A: beak, talons 3, nimble flight
a: Renounce Religion, Berserk, Trog's Hand, Brothers in Arms


You were on level 1 of the Lair of Beasts.
You worshipped Trog.
Trog was extremely pleased with you.
You visited 2 branches of the dungeon, and saw 11 of its levels.
You also visited: Sewer.

You collected 538 gold pieces.
You spent 352 gold pieces at shops.

Inventory:

Hand Weapons
 a - a +0 hand axe
 f - a +0 battleaxe
 o - the +8 Wrath of Trog {antimagic, *Rage Rampage}
   (You found it on level 5 of the Dungeon)

   It reduces the magical energy of the wielder, and disrupts the spells and
   magical abilities of those it strikes.
   Natural abilities and divine invocations are not affected.
   It causes slowness and exhaustion when equipped.
   It extends the wielder's berserk rage when killing foes.
   *Rage:     It lets you go berserk by making a melee attack (+50% chance).
   Rampage:   It bestows one free step when moving towards enemies.
 A - a +2 antimagic executioner's axe (weapon)
Armour
 h - a +0 chain mail
 C - +0 fire dragon scales (worn)
Jewellery
 g - a +4 ring of slaying (left hand)
 x - an amulet of magic regeneration
Wands
 w - a wand of flame (22)
Scrolls
 i - 4 scrolls of magic mapping
 m - 5 scrolls of enchant weapon
 p - a scroll of immolation
 r - 3 scrolls of teleportation
 s - a scroll of vulnerability
 y - a scroll of fog
 z - a scroll of holy word
Potions
 b - 3 potions of might
 c - a potion of berserk rage
 d - a potion of curing
 e - 5 potions of cancellation {unknown}
 j - 2 potions of heal wounds
 k - 2 potions of attraction
 l - 3 potions of resistance {unknown}
 n - 2 potions of lignification
 q - a potion of experience {unknown}
 t - 2 potions of haste {unknown}
 u - a potion of mutation
 v - 2 potions of invisibility


   Skills:
 * Level 9.8 Fighting
 + Level 12.3 Axes
 * Level 9.1 Armour
 + Level 3.2 Dodging
 + Level 1.9 Stealth


You had 10 spell levels left.
You didn't know any spells.
Your spell library was empty.

Dungeon Overview and Level Annotations

Branches:
Dungeon (10/15)            Temple (0/1) D:6            Lair (1/6) D:9
  Sewer (visited)
    Orc: D:9-12

Altars:
Vehumet

Shops:
D:1 !   D:3 [   D:4 !   D:5 !*(:=   D:7 (?**[

Annotations:
D:3 203 cloak rpois
D:5 986 axe
Lair:1 1 transporter, dduke234's ghost, novice GrFi


Innate Abilities, Weirdness & Mutations

You have a beak for a mouth.
You have claws for feet.
Your magical nature lets you fly swiftly and evasively.


Message History

A basilisk comes into view.
The basilisk hisses angrily.
There is an open door here.
The komodo dragon bites you!!
You slice the water moccasin!!
The water moccasin is severely wounded.
You hit the komodo dragon but do no damage.
The water moccasin closely misses you. The komodo dragon bites you.
The water moccasin closely misses you. The komodo dragon bites you!!
You are too injured to fight recklessly!
You are too injured to fight recklessly!
A red film seems to cover your vision as you go berserk!
You feel yourself moving faster!
You feel mighty! The bullfrog barely misses you.
The water moccasin closely misses you.
The bullfrog hits you but does no damage.
You feel a strong urge to attack something.
The water moccasin bites you but does no damage.
You slice the basilisk!!
The basilisk's magic leaks into the air.
Your kick misses the basilisk.
The basilisk is severely wounded.
You miss the water moccasin. You slash the bullfrog! You hit the komodo dragon.
The water moccasin bites you but does no damage.
The basilisk falters for a moment.
The komodo dragon misses you. The bullfrog barely misses you.
The water moccasin closely misses you.
You miss the basilisk.
The basilisk is severely wounded.
You barely miss the komodo dragon.
Your fire dragon scales prevents you from hitting the bullfrog.
You barely miss the water moccasin. The bullfrog misses you.
The basilisk bites you!
* * * LOW HITPOINT WARNING * * *
The komodo dragon barely misses you. The water moccasin closely misses you.
You barely miss the basilisk.
The basilisk is severely wounded.
You miss the water moccasin. You hit the bullfrog.
You closely miss the komodo dragon. The bullfrog barely misses you.
The basilisk bites you but does no damage.
The water moccasin closely misses you. The komodo dragon bites you!!
You die...

####........P#
#........## #........# #
#####'.### .##
#..###########..#.
#.####P##.........
######'###P..'.........
##.......#...##FS.......
.........'..###l@l......
#####....#####..........
..Fl##...# ##.........
.##S8#...# #.........
#SW#...# #.........
..YF#...# #.........
©...F#©..# #.#+##.###
.....#..## ## ##
.##..#.##


You could see a komodo dragon, a basilisk, a water moccasin and a bullfrog.

Vanquished Creatures
  A boulder beetle (D:6)
  A two-headed ogre (D:8)
  A komodo dragon (Lair:1)
  2 trolls (D:9)
  Grinder (Sewer)
  6 yaks (D:9)
  5 humans (D:9)
  A steam dragon (D:9)
  3 water moccasins (D:8)
  2 orc warriors
  A black bear (D:9)
  2 ice beasts (D:6)
  A necrophage (Sewer)
  An ogre (D:4)
  3 centaurs
  A phantom (D:5)
  4 kobold brigands
  3 bullfrogs
  3 scorpions
  2 water moccasin skeletons
  3 wights (D:9)
  5 killer bees (D:9)
  An electric eel (D:10)
  3 centaur zombies
  4 hounds
  A jelly (D:6)
  2 centaur skeletons
  A bullfrog skeleton (D:7)
  A gnoll shaman (D:7)
  5 orc priests
  4 iguanas
  4 orc wizards
  A scorpion zombie (D:5)
  2 killer bee zombies
  8 adders
  7 gnolls
  3 shadow imps (Sewer)
  2 white imps
  4 ufetubi
  2 adder zombies
  3 worms
  2 dart slugs (D:2)
  23 orcs
  11 endoplasms
  7 giant cockroaches
  8 goblins
  9 hobgoblins
  7 jackals (D:2)
  24 kobolds
  3 quokkas
  13 ball pythons
  5 bats
  5 frilled lizards
  A kobold zombie (Sewer)
  6 rats
234 creatures vanquished.

Vanquished Creatures (collateral kills)
  6 kobolds (D:8)
6 creatures vanquished.

Vanquished Creatures (others)
  25 fungi
  16 plants (D:9)
  16 toadstools (Lair:1)
57 creatures vanquished.

Grand Total: 297 creatures vanquished

Notes
Turn   | Place    | Note
-------+----------+-------------------------------------------
     0 | D:1      | robertstho the Tengu Berserker began the quest for the Orb.
     0 | D:1      | Reached XP level 1. HP: 14/14 MP: 2/2
   222 | D:1      | Reached XP level 2. HP: 9/19 MP: 3/3
   452 | D:1      | Found Womedd's Distillery.
   707 | D:1      | Reached XP level 3. HP: 14/23 MP: 4/4
   953 | D:2      | Found a faded altar of an unknown god.
  1052 | D:2      | Reached ** piety under Trog
  1053 | D:2      | Reached skill level 4 in Axes
  1435 | D:2      | Reached XP level 4. HP: 29/29 MP: 5/5
  2017 | D:3      | Gained mutation: Your magical nature lets you fly swiftly
                  | and evasively. [Tengu growth]
  2017 | D:3      | Reached XP level 5. HP: 28/33 MP: 6/6
  2311 | D:3      | Found Leqiekal's Armour Shoppe.
  2472 | D:3      | Reached skill level 1 in Stealth
  2757 | D:4      | Reached *** piety under Trog
  2953 | D:4      | Reached skill level 5 in Axes
  2953 | D:4      | Reached XP level 6. HP: 21/39 MP: 7/7
  3042 | D:4      | Found a radiant altar of Vehumet.
  3303 | D:4      | Found Pyseitsot's Distillery.
  3311 | D:4      | Bought a potion of heal wounds for 70 gold pieces
  3311 | D:4      | Bought a potion of lignification for 42 gold pieces
  3311 | D:4      | Bought a potion of degeneration for 14 gold pieces
  3311 | D:4      | Bought a potion of attraction for 42 gold pieces
  3602 | D:5      | Entered Level 5 of the Dungeon
  3610 | D:5      | Found Masidd's Distillery.
  3616 | D:5      | Bought a potion of brilliance for 44 gold pieces
  3628 | D:5      | Found Nofucs's General Store.
  3645 | D:5      | Bought a scroll of identify for 28 gold pieces
  3750 | D:5      | Reached XP level 7. HP: 42/44 MP: 8/8
  3835 | D:5      | Reached skill level 6 in Axes
  3872 | D:5      | Found Pointeguu's Weapon Shoppe.
  4086 | D:5      | Found Zaudd's Jewellery Boutique.
  4145 | D:5      | Found the +8 Wrath of Trog {antimagic, *Rage Rampage}
  4193 | D:5      | Found Bidal's Book Shop.
  4468 | D:5      | Reached skill level 5 in Armour
  4470 | D:5      | Reached skill level 5 in Fighting
  5280 | D:6      | Found a glowing drain.
  5284 | Sewer    | Entered a sewer
  5341 | Sewer    | Reached XP level 8. HP: 49/49 MP: 9/9
  5351 | Sewer    | Reached skill level 7 in Axes
  5351 | Sewer    | Reached **** piety under Trog
  5423 | Sewer    | Found an ancient bone altar of Kikubaaqudgha.
  5574 | Sewer    | Noticed Grinder
  5585 | Sewer    | Killed Grinder
  5655 | Sewer    | Reached skill level 8 in Axes
  5760 | D:6      | Found a staircase to the Ecumenical Temple.
  5982 | D:6      | Noticed a boulder beetle
  5992 | D:6      | Killed a boulder beetle
  5993 | D:6      | Reached skill level 9 in Axes
  5993 | D:6      | Reached XP level 9. HP: 56/56 MP: 10/10
  6786 | D:7      | Found Iczam's General Store.
  6807 | D:7      | Found Daptyuha's Armour Emporium.
  6835 | D:7      | Found Seshrirar's General Store.
  6858 | D:7      | Reached skill level 10 in Axes
  6950 | D:7      | Found Ziek Bou's Magic Scroll Emporium.
  6957 | D:7      | Reached ***** piety under Trog
  6963 | D:7      | Bought a scroll of fog for 28 gold pieces
  6963 | D:7      | Bought a scroll of identify for 28 gold pieces
  6963 | D:7      | Bought a scroll of identify for 28 gold pieces
  6963 | D:7      | Bought a scroll of identify for 28 gold pieces
  7038 | D:7      | Found Ziska's Weapon Shop.
  7807 | D:8      | Noticed a two-headed ogre
  7822 | D:8      | Killed a two-headed ogre
  7823 | D:8      | Reached XP level 10. HP: 22/64 MP: 11/11
  8274 | D:9      | Reached skill level 11 in Axes
  8634 | D:9      | Found a staircase to the Lair.
  8700 | D:9      | Received a gift from Trog
  9012 | D:9      | Reached skill level 12 in Axes
  9012 | D:9      | Reached XP level 11. HP: 20/71 MP: 4/12
  9996 | D:10     | Entered Level 10 of the Dungeon
 10008 | D:10     | HP: 5/108 [electric eel/bolt of electricity (8)]
 10342 | Lair:1   | Entered Level 1 of the Lair of Beasts
 10655 | Lair:1   | Found a transporter.
 10655 | Lair:1   | Noticed dduke234's ghost (novice GrFi)
 10676 | Lair:1   | Slain by a komodo dragon

Illustrated notes

Levels and vault maps discovered:
D:1:      heliophobic_arrival_enchanted_forest, layout_rooms, serial_shops,
          nicolae_diamond_shop
D:2:      kb_forest_paths, layout_basic, chequers_ecumenical_altar_island
D:3:      layout_rooms, serial_shops, shop, chequers_serial_rivers_small_a,
          grunt_ministairs_4
D:4:      layout_loops_ring, overflow_temple_1_default, serial_shops, shop,
          minmay_misc_feat_diagonals
D:5:      layout_loops_ring, serial_aquarium, aquarium_bridge_straight
          [aquarium_subvault_bridge, aquarium_subvault_wall,
          aquarium_subvault_bridge, aquarium_subvault_wall],
          aquarium_bridge_square [aquarium_subvault_bridge,
          aquarium_subvault_wall, aquarium_subvault_bridge,
          aquarium_subvault_window], aquarium_window_corner,
          aquarium_window_corridor_3, aquarium_window_2, aquarium_window_fake,
          aquarium_view_2a, aquarium_balcony_5b, serial_shops, shop,
          nicolae_shop_crystal, shop, nicolae_shop_statue_plus, shop,
          minmay_manual_mullet
D:6:      layout_loops_corners, temple_doors_cd, gup_sewer_entry_bowl,
          grunt_decor_mini_mirrors
D:7:      layout_basic, serial_shops, shop, shop, nicolae_shop_statue_plus,
          kennysheep_mini_moat, shop
D:8:      layout_rooms
D:9:      layout_big_octagon, grunt_lair_entry_orc_guard_hut, minmay_ruffians
D:10:     layout_roguey, erik_orc_2, uniq_joseph
Lair:1:   layout_roguey, gammafunk_ghost_arena, grunt_forest_stairs_basic,
          tgw_fedhas

Skill      XL: |  1  2  3  4  5  6  7  8  9 10 11 |
---------------+----------------------------------+-----
Axes           | 4 5 6 9 10 12 | 12.3
Fighting       | 4 5 6 8 9 |  9.8
Stealth        | 1 |  1.9
Armour         | 3 4 5 6 8 9 |  9.1
Dodging        | 3 |  3.2

Action                   |  1- 3 |  4- 6 |  7- 9 | 10-12 || total
-------------------------+-------+-------+-------+-------++-------
Melee: Hand axe          |    78 |       |       |       ||    78
       Kick              |    13 |    27 |    45 |    24 ||   109
       Peck              |    13 |    14 |    24 |    18 ||    69
       Battleaxe         |     2 |    92 |   145 |    49 ||   288
       Executioner's axe |       |       |       |    36 ||    36
Invok: Berserk           |     1 |     2 |     5 |     6 ||    14
       Trog's Hand       |       |     1 |       |       ||     1
       Brothers in Arms  |       |       |     1 |       ||     1
  Use: Scroll            |       |     5 |     4 |     3 ||    12
       Potion            |       |     2 |     2 |       ||     4
Armor: Animal skin       |    14 |       |       |       ||    14
       Chain mail        |       |    48 |    64 |       ||   112
       Ring mail         |       |       |     4 |     9 ||    13
       Fire dragon scale |       |       |       |    29 ||    29
Dodge: Dodged            |    64 |    49 |    98 |   104 ||   315

Table legend: (Time is in decaauts)
 A = Elapsed time spent in this place.
 B = Non-inter-level travel time spent in this place.
 C = Inter-level travel time spent in this place.
 D = Time resting spent in this place.
 E = Time spent auto-exploring this place.
 F = Levels seen in this place.
 G = Mean time per level.
                   A        B        C        D        E       F      G
               +--------+--------+--------+--------+--------+-----+--------+
         Total |  10517 |  10192 |    325 |   1592 |   7228 |  12 |  876.4 |
       Dungeon |  10011 |   9686 |    325 |   1592 |   6876 |  10 | 1001.1 |
          Lair |     54 |     54 |      0 |      0 |     23 |   1 |   54.0 |
         Sewer |    451 |    451 |      0 |      0 |    328 |   1 |  451.0 |
               +--------+--------+--------+--------+--------+-----+--------+

Top non-repeatable levels by time:
     D:9: 2306 daAuts
     D:5: 1391 daAuts
     D:8: 1101 daAuts
     D:2: 1078 daAuts
     D:6: 1033 daAuts
     D:1: 942 daAuts
     D:4: 883 daAuts
     D:3: 685 daAuts
     D:7: 565 daAuts
   Sewer: 451 daAuts
  Lair:1: 54 daAuts
    D:10: 23 daAuts
